 Dungeon Crawl Stone Soup version 0.22-a0-448-g1fb7470 (webtiles) character file.

10163 Mgcat the Cleaver (level 11, -10/96 HPs)
             Began as a Deep Dwarf Fighter on June 4, 2018.
             Was an Initiate of Makhleb.
             Succumbed to Sonja's poison
             ... on level 10 of the Dungeon.
             The game lasted 00:24:37 (5855 turns).

Mgcat the Cleaver (Deep Dwarf Fighter)              Turns: 5855, Time: 00:24:38

Health: -10/96     AC: 14    Str: 23    XL:     11   Next: 32%
Magic:  7/7        EV:  8    Int:  8    God:    Makhleb [......]
Gold:   243        SH: 11    Dex: 13    Spells: 10/10 levels left

rFire    . . .     SeeInvis .   G - +0 war axe (chop)
rCold    + . .     Gourm    .   c - +0 shield
rNeg     . . .     Faith    .   j - +0 plate armour
rPois    .         Spirit   .   (no helmet)
rElec    .         Reflect  .   (no cloak)
rCorr    .         Harm     .   (no gloves)
MR       +....                  a - +1 pair of boots
Stlth    ..........             (no amulet)
HPRegen  0.00/turn              k - ring of protection from cold {rC+, !d}
MPRegen  0.10/turn              (no ring)

@: lethally poisoned (-10 -> -145), non-regenerating, slowed, very slow
A: damage resistance, heal wounds, sense surroundings 2, no regeneration
a: Heal Wounds, Renounce Religion


You were on level 10 of the Dungeon.
You worshipped Makhleb.
Makhleb was noncommittal.
You were not hungry.

You visited 2 branches of the dungeon, and saw 11 of its levels.

You collected 418 gold pieces.
You spent 175 gold pieces at shops.

Inventory:

Hand Weapons
 t - a +3 war axe
   (You took it off an orc priest on level 6 of the Dungeon)
 G - a +0 war axe of chopping (weapon)
   (You bought it in a shop on level 10 of the Dungeon)
Missiles
 i - 2 throwing nets {=f, !d}
 o - 11 tomahawks of dispersal (quivered) {=f}
 B - 3 curare-tipped needles
Armour
 a - a +1 pair of boots (worn)
   (You found it on level 7 of the Dungeon)
 c - a +0 shield (worn)
 j - a +0 plate armour (worn)
   (You found it on level 2 of the Dungeon)
Magical Staves
 v - an uncursed staff of wizardry {wiz+, !a}
   (You found it on level 8 of the Dungeon)
Jewellery
 k - a ring of protection from cold (left hand) {rC+, !d}
   (You found it on level 9 of the Dungeon)
Wands
 g - a wand of acid (2)
   (You found it on level 7 of the Dungeon)
 s - a wand of enslavement (12)
   (You found it on level 7 of the Dungeon)
 u - a wand of digging (21)
   (You found it on level 7 of the Dungeon)
 z - a wand of disintegration (7)
   (You found it on level 9 of the Dungeon)
 C - a wand of iceblast (4)
   (You found it on level 9 of the Dungeon)
 E - a wand of polymorph (16)
   (You found it on level 6 of the Dungeon)
Scrolls
 l - a scroll of magic mapping {!r}
 m - 3 scrolls of remove curse
 w - 4 scrolls of teleportation
 y - a scroll of fear
 D - 3 scrolls of identify
 F - 2 scrolls of blinking {!r}
Potions
 b - a potion of mutation {unknown}
 d - 3 potions of might
 e - 2 potions of berserk rage {!q}
 h - 2 potions of lignification {unknown}
 n - a potion of heal wounds {unknown}
 p - 2 potions of agility {unknown}
 q - 4 potions of brilliance
 A - a potion of haste {unknown}
Comestibles
 f - 15 rations
 x - 2 chunks of flesh {@w0}


   Skills:
 - Level 5.2 Fighting
 + Level 14.6 Axes
 - Level 5.1 Armour
 - Level 5.8 Dodging
 - Level 8.0 Shields
 + Level 4.9 Invocations


You had 10 spell levels left.
You didn't know any spells.
Your spell library was empty.

Dungeon Overview and Level Annotations

Branches:
Dungeon (10/15)            Temple (1/1) D:5             Orc (0/2) D:9
   Lair: D:8-11

Altars:
Cheibriados
Dithmenos
Fedhas
Gozag
Hepliaklqana
Kikubaaqudgha
Makhleb
Nemelex Xobeh
Qazlal
Ru
Trog
Uskayaw
Vehumet
Wu Jian
Xom
Yredelemnul
Zin
The Shining One

Shops:
D:7 *   D:8 ?   D:10 (

Annotations:
D:7 2 transporters
D:10 Sonja


Innate Abilities, Weirdness & Mutations

You are resistant to damage.
You can heal yourself by infusing magical energy.
You passively map the area around you.
You do not regenerate.


Message History

You are more poisoned.
Sonja hits you but does no damage.
You are more poisoned.
Sonja hits you but does no damage.
You feel better. You block Sonja's attack. Sonja hits you but does no damage.
You are poisoned.
Sonja barely misses you. You block Sonja's attack. Sonja closely misses you. x2
Your magical essence is drained by the effort!
You feel much better. You block Sonja's attack.
Sonja hits you with an uncursed short sword of venom.
You are more poisoned.
Sonja hits you but does no damage.
Sonja gestures wildly while chanting.
Sonja blinks!
You feel much better.
Sonja zaps a wand.
You resist with almost no effort.
The now-empty wand crumbles to dust.
You start waiting.
Sonja is too close now for your liking.
You barely miss Sonja.
Sonja is lightly wounded.
You block Sonja's attack.
Sonja hits you with an uncursed short sword of venom.
You are more poisoned.
Sonja misses you.
Sonja hits you with an uncursed short sword of venom.
You are more poisoned.
Sonja barely misses you. Sonja hits you but does no damage.
You are more poisoned.
You closely miss Sonja.
Sonja is lightly wounded.
You feel very sick. Sonja hits you but does no damage. x2
You are more poisoned.
You block Sonja's attack. Sonja closely misses you. You block Sonja's attack.
Sonja hits you but does no damage.
You are more poisoned.
You closely miss Sonja.
Sonja is lightly wounded.
You feel very sick.
Sonja hits you with an uncursed short sword of venom.
Sonja closely misses you. Sonja hits you but does no damage.
You are more poisoned.
You slash Sonja!
Sonja is heavily wounded.
You feel very sick.
Sonja gestures wildly while chanting.
Sonja blinks!
You feel very sick.
Sonja hits you with an uncursed short sword of venom.
You are lethally poisoned!
Sonja barely misses you.
Sonja hits you with an uncursed short sword of venom.
You are more poisoned.
You completely miss Sonja.
Sonja is heavily wounded.
You feel extremely sick. You block Sonja's attack.
Sonja hits you but does no damage.
You are more poisoned.
Sonja barely misses you.
Sonja hits you with an uncursed short sword of venom.
You are more poisoned.
Sonja hits you but does no damage.
You are more poisoned.
Sonja hits you but does no damage.
Your shield and plate armour prevent you from hitting Sonja.
Sonja is heavily wounded.
* * * LOW HITPOINT WARNING * * *
You feel extremely sick. Sonja closely misses you.
Sonja hits you but does no damage.
You are more poisoned.
You block Sonja's attack. Sonja barely misses you. You block Sonja's attack.
Sonja hits you but does no damage.
You are more poisoned.
You hit Sonja.
Sonja is severely wounded.
* * * LOW HITPOINT WARNING * * *
You feel extremely sick. You block Sonja's attack.
Sonja hits you but does no damage.
You are more poisoned.
Sonja hits you but does no damage.
You are more poisoned.
You miss Sonja.
Sonja is severely wounded.
* * * LOW HITPOINT WARNING * * *
You feel extremely sick. Sonja hits you but does no damage.
You are more poisoned.
Sonja hits you but does no damage.
You are more poisoned.
Sonja hits you but does no damage.
You are more poisoned.
Sonja says, "I'm academy-trained, you know."
Sonja hits you with an uncursed short sword of venom.
Sonja hits you but does no damage.
You are more poisoned.
You block Sonja's attack.
You completely miss Sonja.
Sonja is severely wounded.
You die...

.#
#..........[#..##.#.#
.#
####.###......>...#.#
.######.#
####.#(.####.#
........# #....####(#
######### ##(....)..#
######## #..(######
##......# ####..#
#.......# ##.....#
#..####.###.###@.#
#..#........# #K.#####
#.......###.###......#
#.##.##.#
##.....∩##.#########
#...(...#
###.....#.........#
####.####
##...##########.# #.#
##.## #.# #.# #.# #.#
#.# #.# #.##


You could see Sonja.

Vanquished Creatures
  A centaur warrior (D:10)
  The ghost of Zorot the Martial Artist, a journeyman OpGl of Cheibriados (D:9)
  2 two-headed ogres (D:9)
  An unseen horror (D:10)
  2 trolls (D:10)
  A hippogriff (D:9)
  Sigmund (D:2)
  A wyvern (D:10)
  6 yaks (D:9)
  A water moccasin (D:8)
  An ice beast (D:8)
  An orc warrior (D:9)
  A sky beast (D:8)
  2 phantoms
  An eye of draining (D:9)
  5 ogres
  A centaur (D:10)
  A big kobold (D:8)
  8 bullfrogs
  4 scorpions
  A water moccasin skeleton (D:8)
  5 killer bees
  6 crimson imps
  2 centaur zombies
  A quasit (D:8)
  A bullfrog zombie (D:7)
  2 orc priests (D:6)
  4 hounds
  A bullfrog skeleton (D:5)
  A centaur skeleton (D:7)
  2 iguanas
  10 worker ants
  12 orc wizards
  2 hound skeletons
  A howler monkey zombie (D:7)
  6 gnolls (D:7)
  12 adders
  5 shadow imps
  2 oozes
  2 adder zombies
  3 adder skeletons
  2 worms
  2 dart slugs (D:4)
  4 leopard geckos
  33 orcs
  5 giant cockroaches
  5 goblins
  3 hobgoblins (D:7)
  2 jackals (D:3)
  3 bats
  4 frilled lizards
  18 kobolds
  2 rats
206 creatures vanquished.

Vanquished Creatures (collateral kills)
  2 two-headed ogres
  Eustachio (D:4)
  An ogre (D:3)
  A bullfrog (D:8)
  A howler monkey (D:4)
  A hound (D:4)
  A centaur skeleton (D:4)
  3 worker ants
  A hound skeleton (D:4)
  A gnoll (D:7)
  An adder (D:3)
  2 worms
  2 orcs
  3 jackals (D:6)
  A quokka (D:7)
  A leopard gecko skeleton (D:6)
23 creatures vanquished.

Vanquished Creatures (others)
  4 wandering mushrooms
  13 toadstools
17 creatures vanquished.

Grand Total: 246 creatures vanquished

Notes
Turn   | Place    | Note
-------+----------+-------------------------------------------
     0 | D:1      | Mgcat the Deep Dwarf Fighter began the quest for the Orb.
     0 | D:1      | Reached XP level 1. HP: 20/20 MP: 1/1
    95 | D:2      | Reached skill level 3 in Axes
    95 | D:2      | Reached XP level 2. HP: 25/27 MP: 2/2
   151 | D:2      | Reached skill level 4 in Axes
   151 | D:2      | Reached XP level 3. HP: 25/33 MP: 3/3
   169 | D:2      | Noticed Sigmund
   178 | D:2      | Killed Sigmund
   178 | D:2      | Reached skill level 6 in Axes
   178 | D:2      | Reached XP level 4. HP: 17/40 MP: 4/4
   178 | D:2      | Reached XP level 5. HP: 19/46 MP: 5/5
   448 | D:3      | Found a faded altar of an unknown god.
   477 | D:3      | Became a worshipper of Fedhas Madash
   477 | D:3      | Reached * piety under Fedhas
   560 | D:3      | Noticed an ogre
   566 | D:3      | HP: 2/46 [ogre/giant club (16)]
   575 | D:3      | Killed an ogre
   575 | D:3      | Reached skill level 7 in Axes
   575 | D:3      | Reached XP level 6. HP: 46/55 MP: 3/6
   749 | D:4      | Found a snail-covered altar of Cheibriados.
   832 | D:4      | Reached skill level 8 in Axes
   994 | D:4      | Noticed Eustachio
   998 | D:4      | Reached XP level 7. HP: 20/61 MP: 7/7
  1008 | D:4      | HP: 11/61 [orc wizard/puff of frost (8)]
  1012 | D:4      | Killed Eustachio
  1012 | D:4      | Reached skill level 9 in Axes
  1113 | D:4      | You fall through a shaft for 2 floors!
  1138 | D:6      | HP: 8/61 [orc priest/divine providence (11)]
  1140 | D:6      | Reached skill level 10 in Axes
  1154 | D:6      | Reached XP level 8. HP: 20/68 MP: 8/8
  1828 | D:7      | Reached skill level 11 in Axes
  1993 | D:7      | Found Wousait's General Store.
  2046 | D:7      | Found a snail-covered altar of Cheibriados.
  2129 | D:8      | Reached skill level 12 in Axes
  2375 | D:8      | Gained mutation: You passively map the area around you. [Deep Dwarf growth]
  2375 | D:8      | Reached XP level 9. HP: 59/74 MP: 8/8
  2387 | D:8      | Found Ygal's Magic Scroll Boutique.
  2487 | D:8      | Reached skill level 13 in Axes
  2524 | D:8      | Noticed a two-headed ogre
  2530 | D:8      | Killed a two-headed ogre
  2603 | D:8      | HP: 17/74 [water moccasin (4)]
  2604 | D:8      | Reached skill level 14 in Axes
  2619 | D:8      | HP: 13/74 [bullfrog (4)]
  2621 | D:8      | Reached skill level 3 in Fighting
  2750 | D:8      | HP: 12/75 [ogre/giant spiked club (1)]
  3046 | D:9      | Reached skill level 4 in Fighting
  3076 | D:9      | Reached skill level 5 in Fighting
  3081 | D:9      | Reached skill level 4 in Armour
  3081 | D:9      | Reached XP level 10. HP: 48/88 MP: 9/9
  3087 | D:9      | Reached skill level 5 in Armour
  3138 | D:9      | Noticed a two-headed ogre
  3146 | D:9      | Killed a two-headed ogre
  3146 | D:9      | Reached skill level 4 in Dodging
  3164 | D:9      | Noticed a two-headed ogre
  3170 | D:9      | HP: 4/88 [two-headed ogre/giant spiked club (28)]
  3172 | D:9      | Killed a two-headed ogre
  3172 | D:9      | Reached skill level 5 in Dodging
  3310 | D:9      | Found a staircase to the Orcish Mines.
  3467 | D:9      | Reached skill level 4 in Shields
  3483 | D:9      | Reached skill level 5 in Shields
  3486 | D:9      | HP: 20/88 [ogre/giant club (7)]
  3675 | D:9      | Reached skill level 6 in Shields
  3746 | D:9      | Noticed Zorot's ghost (journeyman OpGl)
  3790 | D:9      | Killed Zorot's ghost
  3790 | D:9      | Reached skill level 7 in Shields
  4104 | D:7      | Noticed a wizard
  4105 | D:7      | Found a sparkling altar of Nemelex Xobeh.
  4106 | D:7      | Found a transporter.
  4135 | D:7      | Found a transporter.
  4141 | D:7      | Noticed a two-headed ogre
  4157 | D:7      | Killed a two-headed ogre
  4157 | D:7      | Reached skill level 8 in Shields
  4187 | D:7      | Reached XP level 11. HP: 39/96 MP: 9/9
  4297 | D:6      | Found a shimmering altar of Xom.
  4408 | D:6      | Found an opulent altar of Gozag.
  4490 | D:5      | Entered Level 5 of the Dungeon
  4492 | D:5      | Found a staircase to the Ecumenical Temple.
  4515 | Temple   | Entered the Ecumenical Temple
  4607 | Temple   | Fell from the grace of Fedhas
  4607 | Temple   | Became a worshipper of Makhleb the Destroyer
  4879 | D:10     | Entered Level 10 of the Dungeon
  4921 | D:10     | Found Uhymuss's Antique Weapon Shop.
  4928 | D:10     | Bought a glowing war axe for 175 gold pieces
  4982 | D:10     | Reached skill level 1 in Invocations
  5139 | D:10     | Reached skill level 2 in Invocations
  5174 | D:10     | Killed an unseen horror
  5174 | D:10     | Reached skill level 3 in Invocations
  5194 | D:10     | Noticed Sonja
  5310 | D:10     | Noticed a centaur warrior
  5329 | D:10     | Killed a centaur warrior
  5329 | D:10     | Reached skill level 4 in Invocations
  5835 | D:10     | HP: 20/96 [poisoned by Sonja (curare-tipped needle)]
  5837 | D:10     | HP: 9/96 [poisoned by Sonja (curare-tipped needle)]
  5838 | D:10     | HP: 3/96 [poisoned by Sonja]
  5852 | D:10     | HP: 24/96 [poisoned by Sonja]
  5854 | D:10     | HP: 3/96 [poisoned by Sonja]
  5855 | D:10     | Succumbed to Sonja's poison

Vault maps used:
D:1:      saegor_arrival_simple_c, minmay_pentomino_u2
D:2:      elyvilon_altar_4, gammafunk_temple_overflow_pools,
          minmay_misc_feat_nine_boxes, trog_hazing_becter, uniq_sigmund
D:3:      chequers_ecumenical_altar_island
D:4:      lemuel_blue_sif_altar, first_ration, kennysheep_slug_shrine,
          uniq_crazy_yiuf_cottage, uniq_eustachio
D:5:      temple_fountains, basic_altar
D:6:      old_standard_altar, kennysheep_little_box, nicolae_ossuary_entry_ruins
D:7:      corexii_shantytown, old_standard_altar,
          gammafunk_temple_overflow_arena, serial_shops, shop, grunt_ogre_cave,
          kennysheep_generic_room_7
D:8:      serial_shops, nicolae_shop_trees, st_stairs_14,
          minmay_unpleasant_kobolds
D:9:      orc_0_dummy
D:10:     serial_shops, shop, st_stairs_1, uniq_sonja
Temple:   minmay_temple_curvy_branch

Skill      XL: |  1  2  3  4  5  6  7  8  9 10 11 |
---------------+----------------------------------+-----
Axes           | 3 4 6 7 8 10 12 14 | 14.6
Fighting       | 5 |  5.2
Armour         | 4 5 |  5.1
Dodging        | 5 |  5.8
Shields        | 8 |  8.0
Invocations    | 4 |  4.9

Action                   |  1- 3 |  4- 6 |  7- 9 | 10-12 || total
-------------------------+-------+-------+-------+-------++-------
Melee: War axe           |    54 |    95 |   324 |   331 ||   804
Throw: Tomahawk          |       |       |     2 |       ||     2
Invok: Fungal Bloom      |       |     3 |    12 |       ||    15
       Evolution         |       |     3 |     7 |       ||    10
 Abil: Heal Wounds       |       |     3 |     9 |    18 ||    30
Evoke: Wand              |       |       |     3 |     2 ||     5
  Use: Scroll            |       |       |     9 |     3 ||    12
       Potion            |       |       |       |     6 ||     6
 Stab: Confused          |       |       |     1 |       ||     1
  Eat: Chunk             |       |     1 |     7 |     6 ||    14
       Ration            |       |       |       |     1 ||     1
Armor: Scale mail        |    27 |    40 |    10 |       ||    77
       Plate armour      |       |       |   129 |   159 ||   288
Dodge: Dodged            |    16 |    40 |    54 |    68 ||   178
Block: Shield            |    36 |    44 |   144 |   176 ||   400

Table legend:
 A = Spawn XP
 B = Non-spawn XP
 C = Spawn XP percentage of total XP
 D = Spawn monster count
 E = Non-spawn monster count
 F = Spawn count percentage of total count
 G = Total turns spent on level
                    A         B        C        D         E        F      G
               +---------+---------+-------+---------+---------+-------+---------
         Total |       0 |   14519 |   0.0 |       0 |     229 |   0.0 |  5855
               +---------+---------+-------+---------+---------+-------+---------
           D:1 |       0 |       4 |   0.0 |       0 |       3 |   0.0 |    81
           D:2 |       0 |     276 |   0.0 |       0 |      11 |   0.0 |   335
           D:3 |       0 |     174 |   0.0 |       0 |      19 |   0.0 |   256
           D:4 |       0 |     651 |   0.0 |       0 |      26 |   0.0 |   441
           D:5 |       0 |      41 |   0.0 |       0 |       1 |   0.0 |    34
           D:6 |       0 |     640 |   0.0 |       0 |      29 |   0.0 |   957
           D:7 |       0 |    1449 |   0.0 |       0 |      41 |   0.0 |   522
           D:8 |       0 |    2367 |   0.0 |       0 |      38 |   0.0 |   950
           D:9 |       0 |    5526 |   0.0 |       0 |      43 |   0.0 |  1069
          D:10 |       0 |    3391 |   0.0 |       0 |      18 |   0.0 |   976
               +---------+---------+-------+---------+---------+-------+---------

Vault maps used:
D:1:      saegor_arrival_simple_c, minmay_pentomino_u2
D:2:      elyvilon_altar_4, gammafunk_temple_overflow_pools,
          minmay_misc_feat_nine_boxes, trog_hazing_becter, uniq_sigmund
D:3:      chequers_ecumenical_altar_island
D:4:      lemuel_blue_sif_altar, first_ration, kennysheep_slug_shrine,
          uniq_crazy_yiuf_cottage, uniq_eustachio
D:5:      temple_fountains, basic_altar
D:6:      old_standard_altar, kennysheep_little_box, nicolae_ossuary_entry_ruins
D:7:      corexii_shantytown, old_standard_altar,
          gammafunk_temple_overflow_arena, serial_shops, shop, grunt_ogre_cave,
          kennysheep_generic_room_7
D:8:      serial_shops, nicolae_shop_trees, st_stairs_14,
          minmay_unpleasant_kobolds
D:9:      orc_0_dummy
D:10:     serial_shops, shop, st_stairs_1, uniq_sonja
Temple:   minmay_temple_curvy_branch

Table legend:
 A = Turns spent in this place as a percentage of turns spent in the entire game.
 B = Non-inter-level travel turns spent in this place as a percentage of non-inter-level travel turns spent in the entire game.
 C = Inter-level travel turns spent in this place as a percentage of turns spent in this place.
 D = Turns resting spent in this place as a percentage of non-inter-level travel turns spent in this place.
 E = Turns spent auto-exploring this place as a percentage of non-inter-level travel turns spent in this place.
 F = Non-inter-level travel turns spent in this place divided by the number of levels of this place that you've seen.
                   A       B       C       D       E      F
               +-------+-------+-------+-------+-------+----------------------
         Total | 100.0 | 100.0 |   5.7 |   4.3 |  63.2 | 502.0
       Dungeon |  96.0 |  95.8 |   5.9 |   4.5 |  61.7 | 529.2
        Temple |   4.0 |   4.2 |   1.7 |   0.0 |  97.8 | 230.0
               +-------+-------+-------+-------+-------+----------------------

Table legend:
 A = Kills in this place as a percentage of kills in entire the game.
 B = Kills by you in this place as a percentage of kills by you in the entire game.
 C = Kills by friends in this place as a percentage of kills by friends in the entire game.
 D = Other kills in this place as a percentage of other kills in the entire game.
 E = Experience gained in this place as a percentage of experience gained in the entire game.
 F = Experience gained in this place divided by the number of levels of this place that you have seen.
                   A       B       C       D       E      F
               +-------+-------+-------+-------+-------+----------------------
         Total | 100.0 | 100.0 | 100.0 |   N/A | 100.0 | 1319.9
       Dungeon | 100.0 | 100.0 | 100.0 |   N/A | 100.0 | 1451.9
               +-------+-------+-------+-------+-------+----------------------
